Map: [ESL] Hard Lead

Players

Nice - Winner!

  • Race: Protoss Protoss
  • Spawn Location: 11:00

Nanami

  • Race: Protoss Protoss
  • Spawn Location: 5:00

Event: ESL SC2 Masters 2023 Winter (Regional)

VOD

Have the link to the VOD?

Description

Time

  • Played on: Nov. 11, 2023, 6:48 a.m.
  • Length: 9:25

All games in this series

Show
View Real Time Build Order
Export as new Build Order

Nice Protoss - Winner!

Build Orders:  

Get SALT Encoding   

  12  0:00  Probe  
  13  0:12  Probe  
  14  0:17  Pylon  
  14  0:24  Probe (Chrono Boost)  
  16  0:35  Probe (Chrono Boost)  
  16  0:36  Gateway  
  16  0:42  Probe  
  16  0:45  Assimilator  
  17  0:50  Assimilator  
  17  0:54  Probe (Chrono Boost)  
  18  1:04  Gateway  
  18  1:08  Probe (Chrono Boost)  
  19  1:15  Probe (Chrono Boost)  
  20  1:24  Cybernetics Core  
  20  1:26  Probe  
  21  1:38  Probe, Pylon  
  22  1:50  Probe  
  23  2:01  Sentry, Warp Gate, Stalker  
  23  2:02  Probe  
  28  2:10  Pylon  
  28  2:15  Probe  
  29  2:22  Pylon  
  29  2:26  Stalker  
  31  2:34  Stalker  
  33  2:41  Probe  
  34  2:53  Probe  
  35  3:03  Nexus  
  35  3:06  Probe (Chrono Boost)  
  36  3:14  Shield Battery  
  36  3:18  Probe (Chrono Boost)  
  37  3:27  Twilight Council  
  37  3:28  Probe (Chrono Boost)  
  37  3:34  Probe (Chrono Boost)  
  38  3:36  Pylon  
  39  3:53  Probe (Chrono Boost)  
  40  3:57  Sentry, Stalker  
  40  4:00  Blink (Chrono Boost)  
  40  4:02  Probe  
  45  4:10  Dark Shrine  
  45  4:14  Probe  
  45  4:16  Probe  
  47  4:24  Probe  
  47  4:26  Probe  
  47  4:28  Stalker x2  
  53  4:32  Probe  
  54  4:39  Probe  
  54  4:41  Pylon  
  54  4:43  Probe  
  56  4:51  Probe  
  57  4:58  Robotics Facility  
  58  5:02  Nexus  
  58  5:03  Probe  
  58  5:05  Probe  
  59  5:11  Pylon  
  59  5:12  Assimilator  
  59  5:14  Stalker  
  59  5:20  Probe  
  62  5:22  Dark Templar  
  62  5:24  Probe  
  65  5:30  Forge  
  65  5:32  Probe  
  65  5:34  Pylon  
  66  5:36  Probe  
  66  5:42  Dark Templar  
  69  5:44  Probe  
  69  5:48  Probe  
  71  5:57  Probe  
  71  6:00  Probe, Stalker  
  71  6:04  Shield Battery  
  73  6:09  Probe  
  74  6:11  Protoss Ground Weapons Level 1 (Chrono Boost)  
  74  6:13  Probe  
  74  6:14  Probe  
  74  6:16  Gateway  
  74  6:17  Observer  
  77  6:19  Gateway  
  77  6:21  Probe  
  77  6:25  Probe  
  79  6:28  Gateway, Stalker  
  79  6:29  Stalker  
  79  6:30  Probe  
  84  6:35  Immortal (Chrono Boost)  
  84  6:38  Charge (Chrono Boost)  
  86  6:48  Gateway  
  86  6:50  Gateway  
  86  6:53  Zealot, Gateway  
  86  6:54  Pylon  
  88  7:00  Zealot  
  90  7:02  Warp Prism  
  90  7:06  Pylon  
  90  7:08  Pylon  
  92  7:13  Templar Archives  
  92  7:21  Zealot x3  
  92  7:22  Zealot x2  
  102  7:26  Photon Cannon  
  102  7:28  Pylon  
  102  7:31  Observer  
  102  7:43  Zealot x6  
  114  7:44  Zealot  
  114  7:49  Zealot  
  118  7:51  Pylon  
  118  8:04  Pylon  
  118  8:06  Pylon  
  118  8:14  High Templar x2  
  118  8:15  Zealot x6  
  118  8:18  Archon  
  134  8:20  Nexus  
  134  8:28  Pylon  
  134  8:38  Zealot x6  
  136  8:41  Probe  
  133  8:50  Zealot x2  
  119  8:58  Zealot x6  
  105  9:18  Stalker x3  
  105  9:19  Stalker x3  
  105  9:21  High Templar x2  
Show
View Real Time Build Order
Export as new Build Order

Nanami Protoss 

Build Orders: Phoenix Opening, Blink Stalkers 

Get SALT Encoding   

  12  0:00  Probe  
  13  0:12  Probe  
  14  0:17  Pylon  
  14  0:24  Probe (Chrono Boost)  
  16  0:36  Probe (Chrono Boost)  
  16  0:38  Gateway  
  16  0:43  Probe (Chrono Boost)  
  16  0:45  Assimilator  
  17  0:50  Probe  
  17  0:55  Assimilator  
  18  1:03  Probe (Chrono Boost)  
  19  1:07  Gateway  
  20  1:12  Probe (Chrono Boost)  
  20  1:17  Probe (Chrono Boost)  
  20  1:25  Cybernetics Core  
  21  1:29  Probe  
  22  1:35  Pylon  
  22  1:41  Probe  
  23  1:53  Probe  
  24  2:01  Stalker  
  24  2:04  Warp Gate  
  24  2:07  Sentry  
  29  2:15  Pylon  
  28  2:22  Probe  
  29  2:26  Pylon  
  29  2:30  Stalker  
  33  2:40  Phoenix  
  33  2:41  Sentry  
  33  2:49  Nexus  
  33  2:50  Probe  
  34  3:03  Twilight Council  
  35  3:12  Probe (Chrono Boost)  
  35  3:15  Pylon  
  35  3:22  Probe (Chrono Boost)  
  36  3:27  Shield Battery, Probe (Chrono Boost)  
  37  3:38  Probe  
  37  3:39  Blink (Chrono Boost)  
  38  3:50  Probe  
  39  3:57  Stalker x2  
  45  4:02  Probe (Chrono Boost)  
  45  4:08  Probe (Chrono Boost)  
  45  4:12  Probe (Chrono Boost)  
  45  4:15  Phoenix  
  45  4:16  Probe (Chrono Boost)  
  47  4:17  Probe (Chrono Boost)  
  47  4:18  Forge  
  46  4:26  Probe  
  46  4:27  Stalker x2  
  46  4:29  Probe  
  52  4:38  Probe  
  52  4:39  Pylon  
  52  4:44  Probe  
  54  4:47  Phoenix  
  54  4:50  Stalker x2  
  54  4:51  Protoss Ground Weapons Level 1, Probe  
  60  5:04  Nexus  
  59  5:07  Pylon  
  59  5:09  Probe  
  59  5:10  Probe  
  61  5:18  Stalker  
  61  5:19  Stalker  
  65  5:24  Probe x2  
  65  5:28  Robotics Facility  
  67  5:31  Assimilator  
  67  5:36  Probe x2  
  69  5:47  Stalker x2  
  69  5:48  Probe x2  
  73  6:00  Probe x2  
  68  6:12  Shield Battery, Probe  
  68  6:13  Probe  
  68  6:15  Observer (Chrono Boost)  
  68  6:16  Stalker x2  
  75  6:22  Gateway  
  75  6:23  Probe  
  75  6:25  Probe x2  
  77  6:36  Probe  
  77  6:37  Probe x2  
  78  6:44  Observer (Chrono Boost)  
  78  6:46  Photon Cannon  
  79  6:50  Protoss Ground Weapons Level 2 (Chrono Boost)  
  79  6:54  Gateway x2  
  79  6:57  Gateway  
  79  6:59  Gateway  
  79  7:10  Gateway  
  79  7:11  Gateway  
  79  7:14  Phoenix  
  79  7:16  Charge (Chrono Boost)  
  79  7:20  Zealot  
  79  7:21  Zealot  
  83  7:23  Shield Battery  
  83  7:27  Pylon  
  86  7:33  Immortal (Chrono Boost)  
  87  7:39  Pylon  
  87  7:46  Zealot x2  
  87  7:49  Zealot x2, Pylon  
  95  7:52  Zealot  
  95  7:54  Zealot  
  99  8:06  Zealot x3  
  99  8:10  Zealot x3  
  111  8:13  Zealot  
  111  8:19  Templar Archives  
  113  8:20  Zealot  
  113  8:25  Pylon  
  115  8:27  Pylon  
  114  8:35  Stalker  
  114  8:36  Stalker  
  104  8:43  Zealot x5  
  110  8:50  Zealot  
  84  9:00  Zealot x2  
  76  9:05  Zealot x4  
  76  9:06  Zealot  
  80  9:13  Zealot  
  74  9:20  Zealot x2  
Tags
 
Add a new tag
Caveats
  • Supply blocks, unpowered buildings, or Contaminate may cause inaccurate times.
  • Supply counts are checked every 10 seconds.